 Dungeon Crawl Stone Soup version 0.32-a0-290-g598725c5f2 (webtiles) character file.

Game seed: 10611380871483083416

49 Aneyh the Poker (level 3, 0/24 HPs)
             Began as a Tengu Monk on Feb 10, 2024.
             Slain by Sigmund
             ... wielding a +0 scythe
              (6 damage)
             ... on level 2 of the Dungeon on Feb 13, 2024.
             The game lasted 00:04:18 (1271 turns).

Aneyh the Poker (Tengu Monk)                        Turns: 1271, Time: 00:04:22

Health: 0/24       AC:  9    Str: 13    XL:     3   Next: 77%
Magic:  13/13      EV: 13    Int: 10    God:
Gold:   88         SH:  0    Dex: 16    Spells: 2/2 levels left

rFire   . . .        b - +1 falchion (protect)
rCold   . . .        (no shield)
rNeg    . . .        n - +0 robe
rPois   .            (helmet restricted)
rElec   .            (no cloak)
rCorr   .            (no gloves)
SInv    .            (boots unavailable)
Will    .....        (no amulet)
Stlth   +            g - ring of magical power
HPRegen 0.24/turn    (no ring)
MPRegen 0.13/turn

%: acrobat
@: under a protective aura
A: beak, talons 3, acrobatic
a: no special abilities


You were on level 2 of the Dungeon.
You visited 1 branch of the dungeon, and saw 2 of its levels.

You collected 88 gold pieces.

Inventory:

Hand Weapons
 a - a +0 sling
 b - a +1 falchion of protection (weapon)
 k - a +0 spear
Armour
 d - an orb of light
 n - a +0 robe (worn)
Jewellery
 g - a ring of magical power (left hand)
Scrolls
 e - a scroll of poison {unknown}
 h - a scroll of fog {unknown}
 i - a scroll of silence {unknown}
 m - a scroll of noise {unknown}
 o - a scroll of vulnerability {unknown}
 p - a scroll of identify {unknown}
 r - a scroll of immolation {unknown}
Potions
 c - 2 potions of ambrosia
 f - a potion of invisibility {unknown}
 j - a potion of enlightenment {unknown}
 l - a potion of lignification {unknown}
 q - a potion of haste {unknown}


   Skills:
 + Level 3.7 Fighting
 * Level 0.9 Long Blades
 - Level 4.0 Polearms
 - Level 3.5 Dodging


You had 2 spell levels left.
You didn't know any spells.
Your spell library contained the following spells:

 Spells                   Type           Power      Damage    Failure   Level
 Foxfire                  Conj/Fire      0%         2x1d4     36%         1
 Plasma Beam              Fire/Air       0%         2x1d10    100%        6
 Starburst                Conj/Fire      0%         6d3       100%        6


Dungeon Overview and Level Annotations

Branches:
Dungeon (2/15)

Altars:

Shops:
D:2 ?

Annotations:
D:2 1 runed translucent door, Crazy Yiuf, Sigmund


Innate Abilities, Weirdness & Mutations

You have a beak for a mouth.
You have claws for feet.
You can magically evade attacks while moving or waiting.


Message History

You kill the giant cockroach!
No target in view!
You open the door.
There is an open door here.
Found a hammer.
Found a runed translucent door.
No target in view!
No target in view!
No target in view!
Crazy Yiuf shouts!
Sigmund the Dreaded comes into view.
He is wielding a +0 scythe.
Found 4 stones.
Sigmund misses you.
Sigmund is nearby!
You shoot a sling bullet. The sling bullet hits Sigmund.
Sigmund is moderately wounded.
Your +1 falchion of protection hums with potential!
b - a +1 falchion of protection (weapon)
Sigmund misses you.
You slash Sigmund!
Your weapon exudes an aura of protection.
You peck Sigmund.
Sigmund is heavily wounded.
Sigmund misses you.
You closely miss Sigmund. Your kick misses Sigmund.
Sigmund is heavily wounded.
Sigmund closely misses you.
You completely miss Sigmund. You claw Sigmund.
Sigmund is severely wounded.
Sigmund gestures at you while chanting. The magic dart hits you!
You barely miss Sigmund.
Sigmund is severely wounded.
Sigmund hits you with a +0 scythe!
* * * LOW HITPOINT WARNING * * *
You slash Sigmund!
Your weapon exudes an aura of protection.
Your kick misses Sigmund.
Sigmund is almost dead.
Sigmund hits you with a +0 scythe.
You die...
Sigmund begins carving another notch in his scythe.

.#...#.#....#.#..................
.#.#.#.#....#.#.#################
.......................
.#.#.#.#..#.#.#.####### #####
................# #..)#
.#...#.#..#.#.#.# #...#
..........#.#.#.# ...
.#...#....#.#.#.######.# #+#
.........†#.#.#.@@....(# ♣♣.♣
............#.#.######## ♣.♣♣
.......#.# #.# ♣♣.♣ ....... ..
... ♣.♣♣ .... ♣♣.♣♣ .#... ♣.P.♣♣
....... ♣....♣ #. ... #....#
##..##


You could see Sigmund.

Vanquished Creatures
  A dart slug (D:2)
  A ribbon worm (D:2)
  5 bats
  4 endoplasms
  3 giant cockroaches
  2 goblins
  4 hobgoblins
  3 ball pythons
  3 frilled lizards
  4 kobolds (D:1)
  3 rats
33 creatures vanquished.

Notes
Turn   | Place    | Note
-------+----------+-------------------------------------------
     0 | D:1      | Aneyh the Tengu Monk began the quest for the Orb.
     0 | D:1      | Reached XP level 1. HP: 14/14 MP: 2/2
   125 | D:1      | Reached XP level 2. HP: 15/19 MP: 3/3
   467 | D:1      | Found a faded altar of an unknown god.
   492 | D:1      | Reached XP level 3. HP: 23/23 MP: 4/4
   608 | D:1      | Upgraded the game from 0.32-a0-132-g2d33c3cfaf to
                  | 0.32-a0-290-g598725c5f2
   716 | D:2      | Reached skill level 4 in Polearms
   907 | D:2      | Found Voumial's Magic Scroll Shop.
  1193 | D:2      | Found a runed translucent door.
  1194 | D:2      | Noticed Crazy Yiuf
  1263 | D:2      | Noticed Sigmund
  1271 | D:2      | Slain by Sigmund

Illustrated notes

Levels and vault maps discovered:
D:1:      minmay_arrival_diagonal_passages, layout_rooms,
          ebering_ecumenical_altar_sacrificial, amcnicky_mini_pool_small,
          minmay_heptomino_h4
D:2:      minmay_inner_zag, layout_basic, serial_shops, nicolae_lakefront_shop,
          uniq_crazy_yiuf_cottage, uniq_sigmund

Skill      XL: |  1  2  3 |
---------------+----------+-----
Polearms       | 4 |  4.0
Fighting       | |  3.7
Long Blades    | |  0.9
Dodging        | |  3.5

Action                     || total
---------------------------++-------
  Melee: Spear             ||    54
         Kick              ||    14
         Peck              ||     6
         Falchion          ||    11
   Fire: Sling             ||    28
   Stab: Sleeping          ||     1
 Armour: Robe              ||    22
  Dodge: Dodged            ||    34

Table legend: (Time is in decaauts)
 A = Elapsed time spent in this place.
 B = Non-inter-level travel time spent in this place.
 C = Inter-level travel time spent in this place.
 D = Time resting spent in this place.
 E = Time spent auto-exploring this place.
 F = Levels seen in this place.
 G = Mean time per level.
                   A        B        C        D        E       F      G
               +--------+--------+--------+--------+--------+-----+--------+
         Total |   1276 |   1225 |     51 |      0 |    974 |   2 |  638.0 |
       Dungeon |   1276 |   1225 |     51 |      0 |    974 |   2 |  638.0 |
               +--------+--------+--------+--------+--------+-----+--------+

Top non-repeatable levels by time:
     D:2: 648 daAuts
     D:1: 627 daAuts
